 Dungeon Crawl Stone Soup version 0.30-a0-618-gd6c86c23d0 (webtiles) character file.

Game seed: 11114508743605262505

268 bmack86 the Trooper (level 6, -2/56 HPs)
             Began as a Minotaur Fighter on Jan 10, 2023.
             Slain by an orc
             ... wielding a +0 flail
              (5 damage)
             ... on level 4 of the Dungeon.
             The game lasted 00:09:33 (2374 turns).

bmack86 the Trooper (Minotaur Fighter)              Turns: 2374, Time: 00:09:33

Health: -2/56      AC:  7    Str: 22    XL:     6   Next: 0%
Magic:  5/5        EV:  9    Int:  5    God:
Gold:   109        SH:  4    Dex: 10    Spells: 5/5 levels left

rFire   . . .      SeeInvis .    a - +0 war axe
rCold   . . .      Faith    .    c - +0 buckler
rNeg    . . .      Spirit   .    b - +0 scale mail
rPois   .          Reflect  .    (helmet restricted)
rElec   .          Harm     .    (no cloak)
rCorr   .          Rampage  .    (no gloves)
Will    .....                    (no boots) Stlth
                                 (no amulet)
HPRegen 0.29/turn                (no ring)
MPRegen 0.09/turn                (no ring)

@: no status effects
A: horns 2, retaliatory headbutt
a: no special abilities


You were on level 4 of the Dungeon.
You visited 1 branch of the dungeon, and saw 5 of its levels.

You collected 194 gold pieces.
You spent 85 gold pieces at shops.

Inventory:

Hand Weapons
 a - a +0 war axe (weapon)
Missiles
 r - 6 silver boomerangs (quivered)
Armour
 b - a +0 scale mail (worn)
 c - a +0 buckler (worn)
Jewellery
 p - a +5 ring of evasion
Wands
 l - a wand of light (5)
Scrolls
 e - 2 scrolls of enchant armour {unknown}
 h - 2 scrolls of noise
 k - 3 scrolls of identify {unknown}
 m - a scroll of blinking {unknown}
 n - 2 scrolls of vulnerability {unknown}
 o - a scroll of torment {unknown}
 q - 2 scrolls of teleportation {unknown}
Potions
 d - 2 potions of might
 f - 2 potions of haste {unknown}
 g - 2 potions of curing {unknown}
 i - 2 potions of heal wounds {unknown}
 j - 2 potions of resistance {unknown}
 s - a potion of flight {unknown}
 t - a potion of brilliance {unknown}


   Skills:
 * Level 5.4 Fighting
 * Level 4.6 Axes
 + Level 1.2 Throwing
 + Level 4.6 Armour
 + Level 4.6 Shields


You had 5 spell levels left.
You didn't know any spells.
Your spell library contained the following spells:

 Spells                   Type           Power      Damage    Failure   Level
 Manifold Assault         Tloc           0%         N/A       100%        4
 Dispersal                Tloc           0%         N/A       100%        6
 Disjunction              Tloc           0%         N/A       100%        8


Dungeon Overview and Level Annotations

Branches:
Dungeon (5/15)
 Temple: D:4-7

Altars:
Xom

Shops:
D:1 ?

Annotations:
D:3 1 runed translucent door, Crazy Yiuf


Innate Abilities, Weirdness & Mutations

You have a pair of horns on your head.
You reflexively headbutt those who attack you in melee.


Message History

You hit the orc priest.
You kill the orc priest!
You barely miss something. The orc barely misses you.
Something hits you but does no damage.
You have reached level 6!
The orc barely misses you. Something hits you but does no damage.
Things that are here:
a +2 whip of holy wrath; an orc corpse You miss something.
Your headbutt misses something.
The orc hits you from afar with a +0 trident.
You block the orc's attack. Something hits you.
The orc hits you but does no damage. x2
You barely miss the orc.
You closely miss the orc. x2; You slash something!
The orc hits you with a +0 trident.
* * * LOW HITPOINT WARNING * * *
The orc hits you but does no damage. x2; You block something's attack.
The orc closely misses you. You furiously retaliate!
You headbutt the orc. The orc hits you with a +0 trident.
* * * LOW HITPOINT WARNING * * *
The orc closely misses you.
You hear some strange, mumbled words.
A puff of flame appears from out of thin air!
The puff of flame hits you.
* * * LOW HITPOINT WARNING * * *
You hit the orc but do no damage. You headbutt the orc.
The orc is lightly wounded.
You closely miss the orc. You miss something. You hit the orc.
You kill the orc!
The orc hits you with a +0 trident.
* * * LOW HITPOINT WARNING * * *
Something hits you.
* * * LOW HITPOINT WARNING * * *
The orc barely misses you.
You barely miss the orc. You headbutt the orc.
You kill the orc!
You barely miss the orc. You hit something but do no damage.
Something hits you.
* * * LOW HITPOINT WARNING * * *
The orc hits you with a +0 flail.
You die...

*,,,* *,* *,* ***,* #.* *,* *,*
#.* *,* *,* #.* *,* *,* #.* *,# *
#,** #.#####.###*********
*******##..###..#)......o,,,,,,,,
,,,,,,,,.......{#)......,,,,,,,,,
*********#.##*#)@)..!...,,,,,,,,,
******####...##.#o######******,,,
*,,,,,..........#.# **,,,,*
*,****#######.#...# *,,**,*
*,*#####.* #.#...#* *,***,*
,,*......# #.#....# *##.* *,*
***#.#*#.####.#.##.###***..,***,*
#.# #.[....#......,,,..,,,,,,*
#.# #.#.####.##.#####.,*******


You could see an orc.

Vanquished Creatures
  Pargi (D:3)
  An orc priest (D:4)
  Jessica (D:2)
  Terence (D:3)
  2 adders (D:2)
  3 worms
  3 dart slugs
  3 orcs
  2 endoplasms
  5 giant cockroaches
  2 goblins (D:2)
  10 hobgoblins
  2 quokkas
  3 ball pythons
  6 bats
  6 frilled lizards
  5 kobolds
  3 rats
59 creatures vanquished.

Notes
Turn   | Place    | Note
-------+----------+-------------------------------------------
     0 | D:1      | bmack86 the Minotaur Fighter began the quest for the Orb.
     0 | D:1      | Reached XP level 1. HP: 19/19 MP: 0/0
     6 | D:1      | Noticed a black mamba
     6 | D:1      | Noticed an eight-headed hydra
     7 | D:1      | Noticed a lindwurm
   255 | D:1      | Found a faded altar of an unknown god.
   274 | D:1      | Found Heudech's Magic Scroll Emporium.
   293 | D:1      | Reached XP level 2. HP: 27/27 MP: 1/1
   388 | D:1      | Reached skill level 4 in Fighting
   798 | D:2      | Reached XP level 3. HP: 33/33 MP: 2/2
  1193 | D:2      | Noticed Jessica
  1199 | D:2      | Killed Jessica
  1200 | D:2      | Reached XP level 4. HP: 36/41 MP: 3/3
  1462 | D:1      | Bought a scroll of magic mapping for 75 gold pieces
  1462 | D:1      | Bought a scroll of noise for 10 gold pieces
  1647 | D:3      | Found a shimmering altar of Xom.
  1801 | D:3      | Noticed Terence
  1808 | D:3      | Killed Terence
  1909 | D:3      | Found a runed translucent door.
  1910 | D:3      | Noticed Crazy Yiuf
  1943 | D:3      | Noticed Pargi
  1952 | D:3      | Killed Pargi
  1953 | D:3      | Reached skill level 5 in Fighting
  1953 | D:3      | Reached skill level 1 in Throwing
  1953 | D:3      | Reached XP level 5. HP: 28/48 MP: 4/4
  2327 | D:5      | Entered Level 5 of the Dungeon
  2369 | D:4      | Reached XP level 6. HP: 24/56 MP: 5/5
  2374 | D:4      | Slain by an orc

Illustrated notes

Levels and vault maps discovered:
D:1:      onia_arrival_zoo_common, layout_loops_ring, serial_shops,
          nicolae_shop_stone, dreamdust_ecumenical_altar_angels_and_demons
D:2:      layout_basic, uniq_jessica
D:3:      layout_basic, mainiacjoe_overflow_surrounded_room, uniq_terence,
          uniq_pargi, uniq_crazy_yiuf_cottage
D:4:      layout_basic
D:5:      layout_loops_ring

Skill      XL: |  1  2  3  4 |
---------------+-------------+-----
Fighting       | 4 5 |  5.4
Axes           | 3 4 |  4.6
Armour         | 4 |  4.6
Shields        | 4 |  4.6
Throwing       | 1 |  1.2

Action                   |  1- 3 |  4- 6 || total
-------------------------+-------+-------++-------
Melee: War axe           |    63 |    45 ||   108
       Headbutt          |     6 |     4 ||    10
Throw: Boomerang         |       |     3 ||     3
  Use: Scroll            |       |     2 ||     2
Armor: Scale mail        |    34 |    29 ||    63
Dodge: Dodged            |    31 |    32 ||    63
Block: Buckler           |    24 |    10 ||    34

Table legend: (Time is in decaauts)
 A = Elapsed time spent in this place.
 B = Non-inter-level travel time spent in this place.
 C = Inter-level travel time spent in this place.
 D = Time resting spent in this place.
 E = Time spent auto-exploring this place.
 F = Levels seen in this place.
 G = Mean time per level.
                   A        B        C        D        E       F      G
               +--------+--------+--------+--------+--------+-----+--------+
         Total |   2414 |   2222 |    192 |      0 |   1594 |   5 |  482.8 |
       Dungeon |   2414 |   2222 |    192 |      0 |   1594 |   5 |  482.8 |
               +--------+--------+--------+--------+--------+-----+--------+

Top non-repeatable levels by time:
     D:3: 783 daAuts
     D:2: 772 daAuts
     D:1: 765 daAuts
     D:4: 90 daAuts
     D:5: 2 daAuts
